 Dungeon Crawl Stone Soup version 0.31-a0-145-g046c7d2549 (webtiles) character file.

Game seed: 9564202294971396961

227 qw the Shooter (level 5, 0/47 HPs)
             Began as a Minotaur Hunter on June 7, 2023.
             Slain by a gnoll
             ... wielding a +0 spear
              (6 damage)
             ... on level 4 of the Dungeon.
             The game lasted 00:00:57 (2300 turns).

qw the Shooter (Minotaur Hunter)                    Turns: 2300, Time: 00:00:57

Health: 0/47       AC:  5    Str: 16    XL:     5   Next: 70%
Magic:  4/4        EV: 11    Int:  6    God:
Gold:   160        SH:  0    Dex: 15    Spells: 4/4 levels left

rFire   . . .        Y - +0 shortbow
rCold   . . .        (shield currently unavailable)
rNeg    . . .        g - +0 ring mail
rPois   .            (helmet restricted)
rElec   .            (no cloak)
rCorr   .            (no gloves)
SInv    .            (no boots)
Will    .....        (no amulet)
Stlth   +            (no ring)
HPRegen 0.27/turn    (no ring)
MPRegen 0.09/turn

%: no passive effects
@: about to teleport
A: horns 2, retaliatory headbutt
a: no special abilities


You were on level 4 of the Dungeon.
You visited 1 branch of the dungeon, and saw 4 of its levels.

You collected 160 gold pieces.


Innate Abilities, Weirdness & Mutations

You have a pair of horns on your head.
You reflexively headbutt those who attack you in melee.


   Skills:
 - Level 4.5 Fighting
 + Level 6.6 Ranged Weapons
 - Level 1.3 Armour
 - Level 2.1 Dodging
 - Level 0.7 Stealth


You had 4 spell levels left.
You didn't know any spells.
Your spell library was empty.

Inventory:

Hand Weapons
 Y - a +0 shortbow (weapon)
Armour
 g - a +0 ring mail (worn)
 i - a scarf of harm
Jewellery
 c - a ring of wizardry
Scrolls
 a - a scroll of identify
 e - a scroll of enchant armour
Potions
 b - a potion of might
 d - a potion of haste {unknown}
 h - a potion of attraction {unknown}

Dungeon Overview and Level Annotations

Branches:
Dungeon (4/15)
 Temple: D:4-7

Altars:

Shops:
D:1 (


Message History

The gnoll is lightly wounded.
The adder barely misses you. The gnoll hits you with a +0 club!
You shoot an arrow. The arrow closely misses the gnoll.
The gnoll shouts!
The adder bites you.
You are poisoned.
The adder poisons you! The gnoll hits you with a +0 club.
The adder bites you but does no damage. The gnoll closely misses you.
You shoot an arrow.
The arrow hits the gnoll but does no damage.
You feel sick. The adder misses you. The gnoll hits you with a +0 club.
You shoot an arrow. The arrow hits the gnoll!
The gnoll is severely wounded.
You feel sick. The adder closely misses you. You furiously retaliate!
You headbutt the adder! The gnoll barely misses you.
The gnoll closely misses you. The adder bites you but does no damage.
You shoot an arrow.
The arrow hits the gnoll but does no damage.
The gnoll is severely wounded.
You feel sick. The adder bites you but does no damage.
The gnoll hits you but does no damage.
The gnoll hits you from afar with a +0 spear.
You shoot an arrow. The arrow closely misses the gnoll.
You feel sick. The adder misses you. The gnoll hits you with a +0 club.
The gnoll barely misses you. The adder bites you.
You shoot an arrow. The arrow hits the gnoll!
You kill the gnoll!
You feel sick.
You are no longer poisoned.
The adder bites you but does no damage. The gnoll barely misses you.
2299 ||| READING scroll of teleportation.
As you read the scroll of teleportation, it crumbles to dust.
You feel strangely unstable. The adder misses you. You furiously retaliate!
You headbutt the adder!
You kill the adder!
The gnoll hits you from afar with a +0 spear.
You shoot an arrow.
The arrow hits the gnoll but does no damage.
The gnoll hits you from afar with a +0 spear.
You die...

..###...###...#######
.......8.............#
...###...###.........+
. +#.#+ ##...###+##
#.# ##..## ##.# #...#
#... #...#
.....####...#
.....g%@....#
.#.###).....+ #......#
#......# #......#
#......# #......#
#......#


You could see a gnoll.

Vanquished Creatures
  A hound (D:3)
  An orc priest (D:3)
  3 gnolls (D:4)
  5 adders
  A worm (D:3)
  2 dart slugs (D:1)
  8 orcs
  9 bats
  5 endoplasms
  8 goblins
  4 hobgoblins
  8 jackals
  8 kobolds
  3 quokkas
  7 ball pythons
  A frilled lizard (D:2)
  3 rats (D:3)
77 creatures vanquished.

Notes
Turn   | Place    | Note
-------+----------+-------------------------------------------
     0 | D:1      | qw the Minotaur Hunter began the quest for the Orb.
     0 | D:1      | Reached XP level 1. HP: 18/18 MP: 0/0
     0 | D:1      | 0 ||| qw: Version: 0.2-a-117-gc6b5c8b
     0 | D:1      | 0 ||| qw: Game counter: 2497
     0 | D:1      | 0 ||| qw: Always use a shield: true
     0 | D:1      | 0 ||| qw: God list: Okawaru
     0 | D:1      | 0 ||| qw: Allow faded altars: false
     0 | D:1      | 0 ||| qw: Do Orc after D:15 true
     0 | D:1      | 0 ||| qw: Do second Lair branch before Depths: true
     0 | D:1      | 0 ||| qw: Lair rune preference: random
     0 | D:1      | 0 ||| qw: Plans: Normal
     0 | D:1      | 0 ||| PLANNING D:1-11
    46 | D:1      | Reached XP level 2. HP: 25/25 MP: 1/1
    55 | D:1      | Reached skill level 5 in Ranged Weapons
   196 | D:1      | Reached skill level 3 in Fighting
   273 | D:1      | Reached XP level 3. HP: 24/31 MP: 2/2
   325 | D:1      | Found Oroa's Weapon Emporium.
   335 | D:1      | 335 ||| SHOPLISTING +3 greatsling "Punk" {acid, rCorr} (438
                  | gold, have 20).
   453 | D:1      | 453 ||| UPGRADING to +0 ring mail.
   463 | D:1      | 463 ||| DROPPING +0 leather armour.
   464 | D:1      | 464 ||| READING 2 scrolls labelled KOFOAROVEMN.
   465 | D:1      | 465 ||| READING 2 scrolls labelled AVIACW QEOMESCH.
   466 | D:1      | 466 ||| READING 3 scrolls labelled QEODUTI XOFAE.
   467 | D:1      | 467 ||| READING scroll labelled WUINGO MUEDIOC.
   472 | D:1      | 472 ||| DROPPING scroll of butterflies.
   473 | D:1      | 473 ||| DROPPING 2 scrolls of amnesia.
   641 | D:2      | Reached skill level 1 in Armour
  1125 | D:2      | You fall into a shaft and drop 1 floor!
  1139 | D:3      | Reached XP level 4. HP: 38/38 MP: 3/3
  1158 | D:3      | Reached skill level 6 in Ranged Weapons
  1246 | D:3      | 1246 ||| READING scroll labelled HAHOTEUCKEE.
  1464 | D:2      | 1464 ||| READING 2 scrolls of identify.
  1464 | D:2      | 1464 ||| IDENTIFYING amethyst potion
  1629 | D:3      | 1629 ||| FLEEEEING.
  1630 | D:3      | 1630 ||| FLEEEEING.
  1631 | D:3      | 1631 ||| FLEEEEING.
  1644 | D:3      | Reached XP level 5. HP: 18/46 MP: 4/4
  1823 | D:3      | Found a faded altar of an unknown god.
  2026 | D:3      | 2026 ||| READING scroll labelled WAOTUU SAUNG.
  2298 | D:4      | HP: 11/47 [poisoned by an adder]
  2299 | D:4      | 2299 ||| READING scroll of teleportation.
  2299 | D:4      | HP: 5/47 [gnoll/+0 spear (6)]
  2300 | D:4      | Slain by a gnoll

Levels and vault maps discovered:
D:1:      ebering_trefoil_twist, layout_rooms, serial_shops, shop, fountainhead
D:2:      layout_loops_corners, minmay_tripent
D:3:      layout_rooms, basic_ecumenical_altar
D:4:      cheibrodos_barr_body, layout_gridville, dreamdust_wishing_well

Skill      XL: |  1  2  3  4  5 |
---------------+----------------+-----
Ranged Weapons | 5 6 |  6.6
Fighting       | 3 4 |  4.5
Armour         | 1 |  1.3
Dodging        | |  2.1
Stealth        | |  0.7

Action                     |  1- 3 |  4- 6 || total
---------------------------+-------+-------++-------
   Fire: Shortbow          |   121 |   124 ||   245
    Use: Scroll            |     4 |     4 ||     8
 Armour: Leather armour    |    11 |       ||    11
         Ring mail         |     7 |    25 ||    32
  Dodge: Dodged            |    27 |    59 ||    86

Table legend:
 A = Non-vault XP
 B = Vault XP
 C = Vault XP percentage of total XP
 D = Non-vault monster count
 E = Vault monster count
 F = Vault count percentage of total count
                 A         B        C        D         E       F
            +---------+---------+-------+---------+---------+-------
      Total |     311 |      14 |   4.3 |      75 |       2 |   2.6
            +---------+---------+-------+---------+---------+-------
        D:1 |      50 |       0 |   0.0 |      25 |       0 |   0.0
        D:2 |      32 |      14 |  30.4 |      17 |       2 |  10.5
        D:3 |     168 |       0 |   0.0 |      26 |       0 |   0.0
        D:4 |      61 |       0 |   0.0 |       7 |       0 |   0.0
            +---------+---------+-------+---------+---------+-------
